 Dungeon Crawl Stone Soup version 0.25.1-2-g60ff931df9 (webtiles) character file.

Game seed: 8772970331929903656

2445 Forgol the Grappler (level 9, -1/78 HPs)
             Began as a Ghoul Monk on Sept 9, 2020.
             Was a Priest of Cheibriados.
             Killed from afar by a steam dragon (9 damage)
             ... with a ball of steam
             ... on level 7 of the Dungeon.
             The game lasted 00:18:51 (7796 turns).

Forgol the Grappler (Ghoul Monk)                    Turns: 7796, Time: 00:18:52

Health: -1/78      AC: 10    Str: 25    XL:     9   Next: 49%
Magic:  0/8        EV: 14    Int: 12    God:    Cheibriados [***...]
Gold:   392        SH:  0    Dex: 24    Spells: 8/8 levels left

rFire    . . .     SeeInvis +     - Unarmed
rCold    + . .     Gourm    .   (no shield)
rNeg     + + +     Faith    .   e - +0 scale mail
rPois    ∞         Spirit   +   c - +2 helmet
rElec    .         Reflect  .   (no cloak)
rCorr    .         Harm     .   (no gloves)
MR       .....                  (no boots)
Stlth    +.........             u - amulet of guardian spirit (curse)
HPRegen  0.00/turn              i - ring of see invisible
MPRegen  0.11/turn              l - +6 ring of dexterity

@: rotting, very slow
A: rotting body, claws 1, carnivore, cold resistance 1, negative energy
resistance 3, inhibited regeneration, torment resistance, unbreathing
a: Bend Time, Temporal Distortion, Renounce Religion


You were on level 7 of the Dungeon.
You worshipped Cheibriados.
Cheibriados was most pleased with you.
You were not hungry.

You visited 2 branches of the dungeon, and saw 8 of its levels.

You collected 392 gold pieces.

Inventory:

Armour
 a - a +0 robe
 c - a +2 helmet (worn)
 e - a +0 scale mail (worn)
Jewellery
 i - a ring of see invisible (left claw)
 l - a +6 ring of dexterity (right claw)
 u - a cursed amulet of guardian spirit (around neck)
 v - an uncursed ring of wizardry {unknown}
Wands
 m - a wand of iceblast (14)
 q - a wand of clouds (3)
Scrolls
 d - 3 scrolls of remove curse
 n - 2 scrolls of fear
 t - a scroll of amnesia
Potions
 g - a potion of stabbing {unknown}
 h - a potion of heal wounds
 j - a potion of might
 k - 6 potions of curing
 o - 3 potions of lignification
 p - a potion of magic {unknown}
 r - a potion of flight {unknown}
 s - 2 potions of mutation
Comestibles
 b - 11 rations
 f - 3 chunks of flesh


   Skills:
 + Level 6.8 Fighting
 + Level 4.7 Armour
 + Level 4.4 Dodging
 - Level 2.1 Stealth
 * Level 10.4 Unarmed Combat


You had 8 spell levels left.
You didn't know any spells.
Your spell library was empty.

Dungeon Overview and Level Annotations

Branches:
Dungeon (7/15)             Temple (1/1) D:5

Altars:
Ashenzari
Cheibriados
Dithmenos
Elyvilon
Fedhas
Gozag
Hepliaklqana
Kikubaaqudgha
Makhleb
Nemelex Xobeh
Okawaru
Qazlal
Ru
Sif Muna
Trog
Uskayaw
Xom
Yredelemnul
Zin
The Shining One


Innate Abilities, Weirdness & Mutations

Your body is rotting away.
You thrive on raw meat.
You are immune to poison.
You have sharp fingernails.
You are carnivorous and can eat meat at any time.
Your flesh is cold resistant. (rC+)
You are immune to negative energy. (rN+++)
You do not regenerate when monsters are visible.
You are immune to unholy pain and torment.
You can survive without breathing.


Message History

The steam dragon resists.
The ball of steam hits you!
* * * LOW HITPOINT WARNING * * *
You closely miss the steam dragon.
The steam dragon is heavily wounded.
You are engulfed in a cloud of scalding steam.
The steam dragon bites you.
* * * LOW HITPOINT WARNING * * *
The steam dragon completely misses you.
The steam dragon bites you but does no damage.
The steam dragon claws you but does no damage.
You claw the steam dragon!
The steam dragon is severely wounded.
The steam dragon closely misses you. The steam dragon misses you.
Okay, then.
Okay, then.
As you read the scroll of fear, it crumbles to dust.
You assume a fearsome visage.
The steam dragon looks frightened! x2
The steam dragon breathes steam at you. The ball of steam hits you!
You die...

.# ##)## #. .# #####
##)###### #. .#
≈≈≈≈####.))..# ##.
.# ...≈≈≈#####.# #..
.# #D..≈≈# #.# #.#
.# #.D8.≈##
#.#######.. .######
#.§†..#.##.#........
......#
##.§.###.#.#.######.
.####### ##@##
#.....# #. .......)
#...###.#.#.######.
.#######
##.###..>..........
......#
##...#.#.#.######.
#####.#
#####.....######.
#.# ###.#........
#####.# #..........
....#.# ##########.
###.#.# #.


You could see 2 steam dragons.

Vanquished Creatures
  A steam dragon (D:7)
  An ice beast (D:5)
  2 sky beasts
  An eye of draining (D:5)
  2 ogres
  2 phantoms
  A centaur (D:5)
  3 bullfrogs
  A scorpion (D:4)
  6 killer bees (D:7)
  4 wights (D:7)
  5 howler monkeys
  2 crimson imps
  A jelly (D:7)
  A gnoll shaman (D:6)
  An orc priest (D:5)
  A hound (D:7)
  4 orc wizards
  A centaur skeleton (D:6)
  An iguana (D:6)
  4 worker ants
  A hound skeleton (D:5)
  2 worker ant zombies
  7 gnolls
  6 adders
  A shadow imp (D:7)
  An adder skeleton (D:4)
  2 dart slugs
  4 leopard geckos
  7 orcs
  3 giant cockroaches
  11 goblins
  10 hobgoblins
  10 jackals
  2 quokkas
  2 ball pythons
  11 bats
  6 kobolds
  A leopard gecko skeleton (D:4)
  11 rats
143 creatures vanquished.

Notes
Turn   | Place    | Note
-------+----------+-------------------------------------------
     0 | D:1      | Forgol the Ghoul Monk began the quest for the Orb.
     0 | D:1      | Reached XP level 1. HP: 19/19 MP: 0/0
    46 | D:1      | Reached XP level 2. HP: 25/26 MP: 1/1
    62 | D:1      | Reached skill level 4 in Unarmed Combat
   854 | D:1      | Reached XP level 3. HP: 28/31 MP: 2/2
  1356 | D:2      | Reached skill level 5 in Unarmed Combat
  1833 | D:2      | Reached XP level 4. HP: 38/38 MP: 3/3
  3301 | D:4      | Noticed an ogre
  3327 | D:4      | Reached skill level 6 in Unarmed Combat
  3327 | D:4      | Reached XP level 5. HP: 35/45 MP: 4/4
  3538 | D:4      | Killed an ogre
  3538 | D:4      | Reached skill level 1 in Armour
  3538 | D:4      | Reached XP level 6. HP: 35/51 MP: 5/5
  3659 | D:4      | Reached skill level 7 in Unarmed Combat
  4070 | D:5      | Entered Level 5 of the Dungeon
  4070 | D:5      | Noticed an ice beast
  4468 | D:5      | Killed an ice beast
  4468 | D:5      | Reached XP level 7. HP: 53/58 MP: 6/6
  4944 | D:5      | Reached skill level 8 in Unarmed Combat
  5098 | D:5      | Reached skill level 5 in Fighting
  5461 | D:5      | Found a staircase to the Ecumenical Temple.
  5474 | Temple   | Entered the Ecumenical Temple
  5773 | Temple   | Became a worshipper of Cheibriados the Contemplative
  5773 | Temple   | Reached * piety under Cheibriados
  5773 | Temple   | Reached ** piety under Cheibriados
  5935 | D:6      | Reached XP level 8. HP: 49/61 MP: 7/7
  5977 | D:6      | Found a stormy altar of Qazlal.
  6414 | D:6      | Reached skill level 9 in Unarmed Combat
  6597 | D:6      | Found a hazy altar of Hepliaklqana.
  6867 | D:6      | Found a glowing golden altar of the Shining One.
  7108 | D:7      | Reached XP level 9. HP: 29/75 MP: 4/8
  7113 | D:7      | Reached *** piety under Cheibriados
  7421 | D:7      | Reached skill level 10 in Unarmed Combat
  7796 | D:7      | Killed from afar by a steam dragon

Illustrated notes

Levels and vault maps discovered:
D:1:      lemuel_arrival_hallway, layout_loops_ring
D:2:      layout_basic
D:3:      layout_rooms
D:4:      layout_basic, first_ration, chequers_serial_rivers_room_a,
          bh_walls_and_bars
D:5:      layout_layer_cave, minmay_temple_entry_poolview
D:6:      layout_basic, lemuel_coloured_pillars_altar, marbit_many_paths,
          nicolae_qazlal_general_emergency
D:7:      cheibrodos_steamvent, layout_loops_ring
Temple:   dpeg_five_rooms_temple

Skill      XL: |  1  2  3  4  5  6  7  8  9 |
---------------+----------------------------+-----
Unarmed Combat | 4 5 6 7 8 9 10 | 10.4
Armour         | 1 2 3 4 |  4.7
Fighting       | 4 5 6 |  6.8
Dodging        | 3 4 |  4.4
Stealth        | |  2.1

Action                   |  1- 3 |  4- 6 |  7- 9 || total
-------------------------+-------+-------+-------++-------
Melee: Unarmed           |    96 |   135 |   209 ||   440
       Punch             |       |     3 |    16 ||    19
  Use: Scroll            |     6 |     5 |     5 ||    16
       Potion            |       |     1 |     4 ||     5
 Stab: Sleeping          |     2 |     5 |       ||     7
  Eat: Chunk             |     4 |     6 |    11 ||    21
       Ration            |       |     1 |       ||     1
Armor: Robe              |    15 |     6 |       ||    21
       Scale mail        |       |    35 |    80 ||   115
Dodge: Dodged            |    66 |    68 |   130 ||   264
